 Dungeon Crawl Stone Soup version 0.30-a0-715-gdb4ae3ece1 (webtiles) character file.

Game seed: 15029431805100772976

1134 browni3141 the Summoner (level 8, -1/68 HPs)
             Began as a Naga Summoner on Jan 24, 2023.
             Was an Initiate of Yredelemnul.
             Slain by an orc warrior
             ... wielding a +0 long sword
              (14 damage)
             ... on level 5 of the Dungeon.
             The game lasted 00:08:39 (4762 turns).

browni3141 the Summoner (Naga Summoner)             Turns: 4762, Time: 00:08:39

Health: -1/68      AC:  4    Str: 11    XL:     8   Next: 36%
Magic:  13/14      EV: 10    Int: 23    God:    Yredelemnul [......]
Gold:   243        SH:  0    Dex: 12    Spells: 2/15 levels left

rFire   . . .      SeeInvis +    w - +0 scimitar
rCold   . . .      Faith    .    (no shield)
rNeg    . . .      Spirit   .    a - +0 robe
rPois   +          Reflect  .    (no helmet)
rElec   .          Harm     .    p - scarf {repulsion}
rCorr   .          Rampage  .    e - +0 pair of gloves
Will    +....                    (no barding)
Stlth   ++                       (no amulet)
HPRegen 0.31/turn                q - ring of flight
MPRegen 0.14/turn                i - +6 ring of intelligence

@: flying, repel missiles, very slow
A: AC +2, large, see invisible, deformed body, poison resistance, slowness 2,
spit poison 1, naga tail 1
a: Spit Poison, Renounce Religion, Recall Undead Harvest


You were on level 5 of the Dungeon.
You worshipped Yredelemnul.
Yredelemnul was noncommittal.
You visited 2 branches of the dungeon, and saw 6 of its levels.

You collected 243 gold pieces.

Inventory:

Hand Weapons
 w - a +0 scimitar (weapon)
Missiles
 o - 5 curare-tipped darts
Armour
 a - a +0 robe (worn)
 c - a +0 cloak
 e - a +0 pair of gloves (worn)
 p - a scarf of repulsion (worn)
Jewellery
 i - a +6 ring of intelligence (right hand)
 q - a ring of flight (left hand)
 r - a ring of fire
Wands
 k - a wand of flame (6)
 C - a wand of iceblast (9)
Scrolls
 d - 2 scrolls of vulnerability
 f - 2 scrolls of silence
 h - 2 scrolls of blinking
 l - a scroll of butterflies
 v - a scroll of enchant armour
 x - a scroll of magic mapping
 y - a scroll of enchant weapon
 A - a scroll of noise {unknown}
 B - a scroll of poison {unknown}
Potions
 b - a potion of magic
 g - 3 potions of curing
 j - 5 potions of heal wounds
 m - a potion of invisibility
 n - a potion of brilliance
 s - 2 potions of lignification
 t - a potion of might
 u - a potion of flight {unknown}
 z - a potion of degeneration {unknown}


   Skills:
 * Level 2.8 Fighting
 - Level 1.5 Dodging
 - Level 3.0 Stealth
 - Level 4.0 Spellcasting
 - Level 8.0 Summonings
 - Level 3.0 Air Magic
 - Level 3.0 Evocations


You had 2 spell levels left.
You knew the following spells:

 Your Spells              Type           Power      Damage    Failure   Level
a - Summon Small Mammal   Summ           100%       N/A       1%          1
b - Call Imp              Summ           41%        N/A       1%          2
c - Call Canine Familiar  Summ           41%        N/A       1%          3
d - Summon Guardian Gole  Hex/Summ       23%        N/A       6%          3
e - Summon Lightning Spi  Summ/Air       29%        N/A       11%         4

Your spell library contained the following spells:

 Spells                   Type           Power      Damage    Failure   Level
 Apportation              Tloc           8%         N/A       11%         1
 Necrotise                Necr           16%        1d4       11%         1
 Dazzling Flash           Conj/Hex       8%         N/A       30%         3
 Gell's Gravitas          Tloc           4%         N/A       30%         3
 Teleport Other           Tloc           4%         N/A       30%         3
 Iskenderun's Mystic Bla  Conj/Tloc      4%         2d3       71%         4
 Dispersal                Tloc           2%         N/A       100%        6
 Starburst                Conj/Fire      2%         6d3       100%        6


Dungeon Overview and Level Annotations

Branches:
Dungeon (5/15)             Temple (1/1) D:4

Altars:
Ashenzari
Dithmenos
Elyvilon
Fedhas
Hepliaklqana
Kikubaaqudgha
Makhleb
Nemelex Xobeh
Ru
Trog
Uskayaw
Vehumet
Wu Jian
Yredelemnul


Innate Abilities, Weirdness & Mutations

Your serpentine skin is tough. (AC +2)
You have supernaturally acute eyesight. (SInv)
Armour fits poorly on your strangely shaped body.
Your system is resistant to poisons. (rPois)
You cover ground very slowly.
You can spit poison.
You have a snake-like lower body.


Message History

Casting: Summon Small Mammal (safe; 1% risk of failure)
Press: ? - help, Q - select action, (/) - cycle Dir - look around, f - activate An orc comes into view.
It is wielding a +2 mace of draining.
The orc wizard gestures wildly while chanting.
The orc wizard flickers and vanishes for a moment.
You closely miss the orc.
The orc is moderately wounded.
The orc warrior hits you with a +0 long sword!
* * * LOW HITPOINT WARNING * * *
The orc hits you with a +0 dagger.
* * * LOW HITPOINT WARNING * * *
Your black bear zombie barely misses the orc.
Your black bear zombie claws the orc.
Your black bear zombie completely misses the orc.
Your rat barely misses the orc warrior.
The orc warrior hits you with a +0 long sword.
* * * LOW HITPOINT WARNING * * *
The orc hits your black bear zombie with a +0 flail.
The orc hits you with a +0 dagger.
* * * LOW HITPOINT WARNING * * *
The orc wizard hits your black bear zombie with a +0 dagger.
Your black bear zombie bites the orc.
Your black bear zombie closely misses the orc.
Your black bear zombie claws the orc.
The orc dies!
Your rat bites the orc warrior.
The orc hits your black bear zombie with a +0 flail.
The orc wizard hits your black bear zombie with a +0 dagger.
The orc hits your black bear zombie with a +2 mace of draining.
Your black bear zombie bites the orc.
Your black bear zombie claws the orc. x2
The orc dies!
Aiming: Iceblast
Press: ? - help, Shift-Dir - straight line The mass of ice explodes!
The iceblast engulfs the orc warrior!
The orc warrior is heavily wounded.
The sentinel's mark upon you fades away.
The orc hits your black bear zombie with a +2 mace of draining!
The orc warrior hits you with a +0 long sword!
You die...
Your body rises from the dead as a mindless zombie.

#### #...#
#>....#...#
#####
.....#...##....
#...#.........
#..+.........
#.#........
#.......##
####.....@.#
###.......o..#
##.........rZ.#
#..........o)o#
#.....###.....#
#.....#
#(......
##.#..#
#########
#.#.## #.#..#


You could see an orc warrior (ally target), an orc wizard (invisible), an orc
(ally target), a friendly black bear zombie and a friendly rat (summoned).

Vanquished Creatures
  Menkaure (D:4)
  A black bear (D:5)
  An ogre (D:5)
  A jelly (D:5)
  A hound (D:5)
  5 adders
  A worm (D:3)
  A dart slug (D:3)
  An orc (D:3)
  2 ball pythons (D:4)
  A bat (D:2)
  A giant cockroach (D:1)
  4 goblins
  6 hobgoblins
  4 quokkas
  A frilled lizard (D:3)
  5 kobolds
  4 rats (D:2)
41 creatures vanquished.

Vanquished Creatures (collateral kills)
  Grinder (D:4)
  A phantom (D:4)
  A kobold brigand (D:4)
  A scorpion (D:3)
  3 hounds
  Jessica (D:3)
  3 adders
  A worm (D:2)
  3 orcs
  3 ball pythons
  2 endoplasms
  2 giant cockroaches
  5 goblins
  4 hobgoblins
  3 quokkas
  4 bats
  A frilled lizard (D:2)
  2 kobolds (D:1)
  3 rats (D:3)
44 creatures vanquished.

Vanquished Creatures (others)
  Edmund (D:4)
  A hound zombie (D:5)
  A human zombie (D:4)
  A jelly zombie (D:5)
  An adder zombie (D:5)
  A hobgoblin zombie (D:4)
  A kobold zombie (D:4)
  An orc zombie (D:4)
  5 fungi (D:5)
13 creatures vanquished.

Grand Total: 98 creatures vanquished

Notes
Turn   | Place    | Note
-------+----------+-------------------------------------------
     0 | D:1      | browni3141 the Naga Summoner began the quest for the Orb.
     0 | D:1      | Reached XP level 1. HP: 15/15 MP: 3/3
    79 | D:1      | You fall into a shaft and drop 1 floor!
   133 | D:2      | Reached skill level 1 in Fighting
   206 | D:2      | Reached XP level 2. HP: 25/25 MP: 5/5
   274 | D:2      | Learned a level 2 spell: Call Imp
   709 | D:2      | Reached XP level 3. HP: 22/31 MP: 3/6
  1270 | D:1      | Reached skill level 5 in Summonings
  1331 | D:1      | Learned a level 3 spell: Call Canine Familiar
  1818 | D:3      | Noticed a scorpion
  1974 | D:3      | Reached XP level 4. HP: 14/38 MP: 2/7
  1976 | D:3      | Killed a scorpion
  1977 | D:3      | Reached XP level 5. HP: 17/44 MP: 3/9
  2226 | D:3      | Noticed Jessica
  2235 | D:3      | Killed Jessica
  2245 | D:3      | Reached skill level 6 in Summonings
  2768 | D:4      | Found a hide-covered altar of Uskayaw.
  2779 | D:4      | Noticed a kobold brigand
  2822 | D:4      | Found a bloodstained altar of Trog.
  2838 | D:4      | Found a staircase to the Ecumenical Temple.
  2849 | Temple   | Entered the Ecumenical Temple
  3192 | Temple   | Became a worshipper of Yredelemnul the Dark
  3228 | D:4      | Reached XP level 6. HP: 26/51 MP: 6/10
  3510 | D:4      | Noticed Grinder
  3523 | D:4      | Killed Grinder
  3524 | D:4      | Reached skill level 7 in Summonings
  3528 | D:4      | Learned a level 3 spell: Summon Guardian Golem
  3533 | D:4      | Learned a level 4 spell: Summon Lightning Spire
  3691 | D:4      | Reached XP level 7. HP: 19/57 MP: 8/13
  3838 | D:4      | Noticed Edmund
  3851 | D:4      | Killed Edmund
  3859 | D:4      | Your ally Edmund died
  3960 | D:4      | Reached skill level 8 in Summonings
  3960 | D:4      | Reached skill level 1 in Evocations
  4305 | D:4      | Noticed Menkaure
  4309 | D:4      | Killed Menkaure
  4436 | D:5      | Entered Level 5 of the Dungeon
  4484 | D:5      | Reached XP level 8. HP: 60/64 MP: 14/14
  4510 | D:5      | Reached skill level 1 in Air Magic
  4757 | D:5      | Reached * piety under Yredelemnul
  4762 | D:5      | Slain by an orc warrior

Illustrated notes

Levels and vault maps discovered:
D:1:      dpeg_arrival_boxorama, layout_rooms, grunt_decor_resistance
D:2:      layout_loops_cross
D:3:      cheibrodos_helix_gallery, layout_loops_ring, roderic_filled_cross,
          uniq_jessica
D:4:      layout_basic, lemuel_crystal_altar, mainiacjoe_overflow_24_doors,
          minmay_temple_entry_mini_moons, nrook_uturn, uniq_grinder,
          uniq_edmund, uniq_menkaure
D:5:      layout_basic, mainiacjoe_overflow_chevrons, zin_purify, uniq_duvessa
Temple:   minmay_temple_forest_path

Skill      XL: |  1  2  3  4  5  6  7  8 |
---------------+-------------------------+-----
Fighting       | 1 2 |  2.8
Summonings     | 5 6 7 8 |  8.0
Spellcasting   | 3 4 |  4.0
Evocations     | 3 |  3.0
Air Magic      | 3 |  3.0
Dodging        | |  1.5
Stealth        | |  3.0

Action                     |  1- 3 |  4- 6 |  7- 9 || total
---------------------------+-------+-------+-------++-------
  Melee: Unarmed           |   120 |       |       ||   120
         Punch             |     1 |     1 |     3 ||     5
         Scimitar          |       |    57 |    56 ||   113
   Cast: Summon Small Mamm |    51 |     9 |     3 ||    63
         Call Imp          |     5 |     3 |       ||     8
         Call Canine Famil |       |     4 |     4 ||     8
         Summon Guardian G |       |       |     1 ||     1
Ability: Spit Poison       |     2 |       |     2 ||     4
  Evoke: Wand              |     1 |     4 |     6 ||    11
    Use: Scroll            |       |    12 |     1 ||    13
   Stab: Distracted        |     2 |     1 |     1 ||     4
         Sleeping          |       |     3 |       ||     3
 Armour: Robe              |    64 |    16 |    24 ||   104
  Dodge: Dodged            |    90 |    43 |    56 ||   189

Table legend: (Time is in decaauts)
 A = Elapsed time spent in this place.
 B = Non-inter-level travel time spent in this place.
 C = Inter-level travel time spent in this place.
 D = Time resting spent in this place.
 E = Time spent auto-exploring this place.
 F = Levels seen in this place.
 G = Mean time per level.
                   A        B        C        D        E       F      G
               +--------+--------+--------+--------+--------+-----+--------+
         Total |   6002 |   5594 |    408 |    128 |   4387 |   6 | 1000.3 |
       Dungeon |   5491 |   5162 |    329 |    128 |   3974 |   5 | 1098.2 |
        Temple |    511 |    432 |     79 |      0 |    413 |   1 |  511.0 |
               +--------+--------+--------+--------+--------+-----+--------+

Top non-repeatable levels by time:
     D:4: 1583 daAuts
     D:2: 1392 daAuts
     D:3: 1185 daAuts
     D:1: 918 daAuts
  Temple: 511 daAuts
     D:5: 411 daAuts
